 Dungeon Crawl Stone Soup version 0.21.1-1-g345015f (webtiles) character file.

24 Kairos the Digger (level 3, 18/20 HPs)
             Began as a Gargoyle Earth Elementalist on Mar 26, 2018.
             Got out of the dungeon alive.
             The game lasted 00:02:06 (1237 turns).

Kairos the Digger (Gargoyle Earth Elementalist)     Turns: 1237, Time: 00:02:06

Health: 18/20      AC:  5    Str: 12    XL:     3   Next: 2%
Magic:  6/6        EV: 12    Int: 15    God:
Gold:   38         SH:  0    Dex: 10    Spells: 5/6 levels left

rFire    . . .     SeeInvis .   a - -1 whip (curse)
rCold    . . .     Gourm    .   (no shield)
rNeg     + . .     Faith    .   c - +0 robe
rPois    ∞         Spirit   .   (no helmet)
rElec    +         Reflect  .   (no cloak)
rCorr    .         Harm     .   (no gloves)
MR       .....                  (no boots)
Stlth    ++........             (no amulet)
HPRegen  0.06/turn              (no ring)
MPRegen  0.10/turn              (no ring)

@: no status effects
A: negative energy resistance 1, electricity resistance, unbreathing,
petrification resistance, rot immunity, AC +3
a: no special abilities


You escaped.
You were not hungry.

You visited 1 branch of the dungeon, and saw 1 of its levels.

You collected 38 gold pieces.

Inventory:

Hand Weapons
 a - a cursed -1 whip (weapon)
Missiles
 b - 53 stones (quivered)
Armour
 c - a +0 robe (worn)
Scrolls
 g - a scroll of teleportation {unknown}
 i - a scroll of random uselessness {unknown}
 j - a scroll of remove curse {unknown}
Potions
 f - 2 potions of ambrosia {unknown}
 h - a potion of curing {unknown}
Books
 e - a book of Geomancy

   Spells                             Type                      Level
   a - Sandblast                      Earth                        1
   b - Passwall                       Transmutation/Earth          2
   c - Stone Arrow                    Conjuration/Earth            3
   d - Petrify                        Transmutation/Earth          4
   e - Lee's Rapid Deconstruction     Earth                        5
Comestibles
 d - 3 rations


   Skills:
 + Level 0.5 Fighting
 + Level 1.8 Dodging
 + Level 2.3 Stealth
 + Level 2.3 Spellcasting
   Level 0.7 Transmutations
 + Level 4.2 Earth Magic


You had 5 spell levels left.
You knew the following spells:

 Your Spells              Type           Power        Failure   Level  Hunger
a - Sandblast             Erth           ##....       3%          1    #......


Dungeon Overview and Level Annotations

Branches:
Dungeon (1/15)

Altars:


Innate Abilities, Weirdness & Mutations

You are resistant to torment.
Your stone body is resilient. (AC +3)
You are immune to poison.
You resist negative energy. (rN+)
You are resistant to electric shocks. (rElec)
You can survive without breathing.
You are immune to petrification.
You are immune to rotting.


Message History

Eating a chunk of flesh.
You eat the chunk of flesh.
This raw flesh tastes terrible.
You see here a robe.
The hobgoblin is too close now for your liking.
A hobgoblin is nearby!
A hobgoblin is nearby!
The hobgoblin shouts!
The hobgoblin hits you but does no damage.
You hit the hobgoblin.
You kill the hobgoblin!
You have reached level 3!
Your experience leads to an increase in your attributes!
Increase (S)trength, (I)ntelligence, or (D)exterity?
You feel stronger.
There is a staircase leading out of the dungeon here.
There is a staircase leading out of the dungeon here.
Are you sure you want to leave the Dungeon?
This will make you lose the game! [Y]es or [N]o only, please.
Are you sure you want to leave the Dungeon?
This will make you lose the game!
You have escaped!

#....#.#.#.#.#.#.#.#...##.###
##...............##.......
#......#..........#####(#.
##.......#.......######...
#.....#....#......#.......
##...........#...########.
#....#.#.#.#...#..# #.
##...............## #.
#...#..#.@.#..#...# #.
##...............## #.
#..#...#.#.#.#....# #.
##...#...........## #. ###
#......#....#.....# #. # #..
##.......#.......## # #.#
#..........#......# #
#.####........)......# #
#.#...#.#.#.#.#.#.#.#..


There were no monsters in sight!

Vanquished Creatures
  A dart slug (D:1)
  A leopard gecko (D:1)
  3 bats (D:1)
  A goblin (D:1)
  4 hobgoblins (D:1)
  A jackal (D:1)
  5 kobolds (D:1)
  A frilled lizard (D:1)
  2 rats (D:1)
19 creatures vanquished.

Notes
Turn   | Place    | Note
-------+----------+-------------------------------------------
     0 | D:1      | Kairos the Gargoyle Earth Elementalist began the quest for the Orb.
     0 | D:1      | Reached XP level 1. HP: 10/10 MP: 3/3
    69 | D:1      | Reached skill level 4 in Earth Magic
    69 | D:1      | Reached XP level 2. HP: 3/16 MP: 1/5
  1206 | D:1      | Reached XP level 3. HP: 17/20 MP: 6/6
  1237 | D:$      | Got out of the dungeon alive.

Skill      XL: |  1 |
---------------+----+-----
Earth Magic    | 4 |  4.2
Fighting       | |  0.5
Dodging        | |  1.8
Stealth        | |  2.3
Spellcasting   | |  2.3
Transmutations | |  0.7

Action                   || total
-------------------------++-------
Melee: Unarmed           ||    22
       Whip              ||    87
 Cast: Sandblast         ||     6
 Stab: Sleeping          ||     1
  Eat: Chunk             ||     1
Armor: Robe              ||    73
Dodge: Dodged            ||   138
